 Dungeon Crawl Stone Soup version 0.27-a0-1529-g1e82c303ef (webtiles) character file.

Game seed: 9106822842667102355

25 Spectrina the Chiller (level 3, -4/24 HPs)
             Began as a Human Ice Elementalist on July 11, 2021.
             Was a Believer of Lugonu.
             Engulfed by a cloud of flame (19 damage)
             ... on level 1 of the Dungeon.
             The game lasted 00:02:54 (383 turns).

Spectrina the Chiller (Human Ice Elementalist)       Turns: 383, Time: 00:02:54

Health: -4/24      AC:  2    Str:  8    XL:     3   Next: 17%
Magic:  5/6        EV: 12    Int: 16    God:    Lugonu [**....]
Gold:   87         SH:  0    Dex: 13    Spells: 5/6 levels left

rFire    . . .     SeeInvis .   (no weapon)
rCold    . . .     Faith    .   (no shield)
rNeg     . . .     Spirit   .   a - +0 robe
rPois    .         Reflect  .   (no helmet)
rElec    .         Harm     .   (no cloak)
rCorr    .         Rampage  .   (no gloves)
Will     .....                  (no boots)
Stlth    ++........             (no amulet)
HPRegen  0.08/turn              (no ring)
MPRegen  0.10/turn              (no ring)

@: no status effects
A: no striking features
a: Renounce Religion, Depart the Abyss, Bend Space


You were on level 1 of the Dungeon.
You worshipped Lugonu.
Lugonu was pleased with you.
You visited 1 branch of the dungeon, and saw 4 of its levels.

You collected 87 gold pieces.

Inventory:

Missiles
 b - 12 bolts
 f - 4 javelins
Armour
 a - a +0 robe (worn)
Scrolls
 e - a scroll of identify {unknown}
Potions
 c - a potion of lignification {unknown}
 d - a potion of haste {unknown}


   Skills:
 - Level 2.0 Dodging
 - Level 2.0 Stealth
 - Level 2.0 Spellcasting
 + Level 4.9 Ice Magic


You had 5 spell levels left.
You knew the following spells:

 Your Spells              Type           Power      Damage    Failure   Level
a - Freeze                Ice            68%        1d8       2%          1

Your spell library contained the following spells:

 Spells                   Type           Power      Damage    Failure   Level
 Frozen Ramparts          Ice            34%        1d5       9%          3
 Ozocubu's Armour         Ice            17%        N/A       9%          3
 Beastly Appendage        Tmut           2%         N/A       21%         1
 Wereblood                Tmut           1%         N/A       30%         2
 Spider Form              Tmut/Pois      0%         N/A       52%         3
 Hailstorm                Conj/Ice       9%         3d4       58%         4


Dungeon Overview and Level Annotations

Branches:
Dungeon (4/15)
 Temple: D:4-7

Altars:
Lugonu

Annotations:
D:2 Jessica
D:3 Ijyb


Message History

You freeze the endoplasm!
You kill the endoplasm!
Lugonu accepts your kill.
Unknown command.
Unknown command.
Found 19 gold pieces.
Found 19 gold pieces and a book of Changes.
You now have 59 gold pieces (gained 10).
You now have 68 gold pieces (gained 9).
A frilled lizard comes into view.
Found 4 javelins and a scroll labelled VYSANAWAOF.
Really walk into a travel-excluded area?
Space bends around you!
You blink.
Unknown command.
You pick up a book of Changes and begin reading...
You add the spells Beastly Appendage, Wereblood and Spider Form to your library.
You see here 4 gold pieces.
You now have 72 gold pieces (gained 4).
You see here 15 gold pieces.
You now have 87 gold pieces (gained 15).
The frilled lizard hisses angrily.
Casting: Freeze (safe; 2% risk of failure)
Confirm with . or Enter, or press ? or * to list all spells.
Aiming: Freeze (safe; 2% risk of failure)
Press: ? - help, Shift-Dir - straight line, f - frilled lizard
Aim: a frilled lizard You freeze the frilled lizard!
You kill the frilled lizard!
Lugonu accepts your kill.
e - a scroll labelled VYSANAWAOF You see here a frilled lizard corpse.
You see here 4 javelins.
f - 4 javelins You see here a frilled lizard corpse.
Really walk into a travel-excluded area? [Y]es or [N]o only, please.
Really walk into a travel-excluded area?
You are engulfed in blazing flames.
Ouch! That really hurt!
You die...

#..##.# ###.###.#####
########............
#............#.###
#.######.#.#.....#######
#.# #...#####........##
#.# #§☼§# #.........#
#.# #§☼°# #..........
#.# #☼@§# #######....
#.#####...###### ...
#..§°☼.....☼☼..#. ..
#..☼☼§.....§☼§...
##.§§§..†..§§°...
######...######. #§§§#
#°☼§# #☼.☼#


There were no monsters in sight!

Vanquished Creatures
  An adder (D:3)
  A dart slug (D:1)
  An orc (D:3)
  A bat (D:1)
  An endoplasm (D:1)
  A giant cockroach (D:1)
  2 jackals (D:1)
  A frilled lizard (D:1)
  5 rats
14 creatures vanquished.

Notes
Turn   | Place    | Note
-------+----------+-------------------------------------------
     0 | D:1      | Spectrina the Human Ice Elementalist began the quest for
                  | the Orb.
     0 | D:1      | Reached XP level 1. HP: 13/13 MP: 3/3
    89 | D:2      | Reached XP level 2. HP: 12/19 MP: 1/5
   178 | D:3      | Noticed Ijyb
   231 | D:2      | Noticed Jessica
   242 | D:1      | Reached XP level 3. HP: 8/24 MP: 2/6
   295 | D:1      | Found a faded altar of an unknown god.
   307 | D:1      | Became a worshipper of Lugonu the Unformed
   307 | D:1      | Reached * piety under Lugonu
   307 | D:1      | Reached ** piety under Lugonu
   383 | D:1      | Engulfed by a cloud of flame

Illustrated notes

Levels and vault maps discovered:
D:1:      amcnicky_arrival_flooded_fountain, layout_rooms,
          basic_ecumenical_altar, lemuel_flame_loot_1
D:2:      layout_basic, uniq_jessica
D:3:      layout_loops_ring, kennysheep_okawaru_gauntlet, trog_hazing_becter,
          beargit_hepliaklqana_dungeon_heroes, uniq_ijyb, uniq_terence
D:4:      layout_loops_ring, nicolae_overflow_crystal_walls,
          mainiacjoe_overflow_24_doors, minmay_manual_mares, uniq_blork_the_orc

Action                   || total
-------------------------++-------
Melee: Unarmed           ||     7
 Cast: Freeze            ||    22
Invok: Bend Space        ||     1
 Stab: Sleeping          ||     3
Armor: Robe              ||     5
Dodge: Dodged            ||     8

Table legend: (Time is in decaauts)
 A = Elapsed time spent in this place.
 B = Non-inter-level travel time spent in this place.
 C = Inter-level travel time spent in this place.
 D = Time resting spent in this place.
 E = Time spent auto-exploring this place.
 F = Levels seen in this place.
 G = Mean time per level.
                   A        B        C        D        E       F      G
               +--------+--------+--------+--------+--------+-----+--------+
         Total |    384 |    384 |      0 |      0 |      0 |   4 |   96.0 |
       Dungeon |    384 |    384 |      0 |      0 |      0 |   4 |   96.0 |
               +--------+--------+--------+--------+--------+-----+--------+

Top non-repeatable levels by time:
     D:1: 224 daAuts
     D:2: 81 daAuts
     D:3: 72 daAuts
     D:4: 6 daAuts
